 Dungeon Crawl Stone Soup version 0.29.0-10-g45618ea6d2 (webtiles) character file.

Game seed: 13294271700566627758

31 Flugkiller the Covered (level 3, 33/33 HPs)
             Began as a Minotaur Fighter on Sept 1, 2022.
             Was a Follower of Nemelex Xobeh.
             Quit the game on level 2 of the Dungeon.
             The game lasted 00:00:33 (1170 turns).

Flugkiller the Covered (Minotaur Fighter)           Turns: 1170, Time: 00:00:34

Health: 33/33      AC:  7    Str: 20    XL:     3   Next: 7%
Magic:  2/2        EV:  9    Int:  5    God:    Nemelex Xobeh [*.....]
Gold:   52         SH:  0    Dex: 11    Spells: 2/2 levels left

rFire   . . .      SeeInvis .   a - +0 war axe
rCold   . . .      Faith    .   k - orb {light}
rNeg    . . .      Spirit   .   b - +0 scale mail
rPois   .          Reflect  .   (helmet restricted)
rElec   .          Harm     .   (no cloak)
rCorr   .          Rampage  .   (no gloves)
Will    .....                   (no boots)
Stlth   ..........              (no amulet)
HPRegen 0.11/turn               (no ring)
MPRegen 0.08/turn               (no ring)

@: glowing
A: horns 2, retaliatory headbutt
a: Renounce Religion, Draw Escape, Draw Destruction, Draw Summoning


You were on level 2 of the Dungeon.
You worshipped Nemelex Xobeh.
Nemelex Xobeh was aware of your devotion.
You visited 1 branch of the dungeon, and saw 2 of its levels.

You collected 52 gold pieces.

Inventory:

Hand Weapons
 a - a +0 war axe (weapon)
Missiles
 j - 2 throwing nets (quivered)
Armour
 b - a +0 scale mail (worn)
 c - a +0 buckler
 k - an orb of light (worn)
   (You found it on level 1 of the Dungeon)
Scrolls
 g - 3 scrolls of teleportation {unknown}
 h - a scroll of fear {unknown}
 m - a scroll of identify {unknown}
Potions
 d - a potion of might
 e - a potion of lignification {unknown}
 f - a potion of heal wounds {unknown}
 i - 2 potions of degeneration {unknown}
 l - a potion of attraction {unknown}


   Skills:
 + Level 4.0 Fighting
 * Level 3.5 Axes
 + Level 4.0 Armour
 - Level 3.6 Shields


You had 2 spell levels left.
You didn't know any spells.
Your spell library was empty.

Dungeon Overview and Level Annotations

Branches:
Dungeon (2/15)

Altars:
Nemelex Xobeh


Innate Abilities, Weirdness & Mutations

You have a pair of horns on your head.
You reflexively headbutt those who attack you in melee.


Message History

You hit the kobold. Your headbutt misses the kobold.
The kobold is heavily wounded.
The kobold hits you but does no damage.
You barely miss the kobold.
The kobold is heavily wounded.
The kobold hits you but does no damage. The kobold closely misses you.
You hit the kobold.
You kill the kobold!
No target in view!
No target in view!
No target in view!
No target in view!
You now have 38 gold pieces (gained 8).
You see here a +0 dagger.
Done exploring.
Done exploring.
Done exploring.
No target in view!
No target in view!
No target in view!
No target in view!
(D) Dungeon
Where to? (Enter - D:1 @ (x,y), ? - help)
There is a stone staircase leading down here.
You climb downwards.
There is a stone staircase leading up here.
Unknown command.
A rat comes into view.
A rat is nearby!
A rat is nearby!
Found a stone staircase leading down.
Found a scroll labelled MIUGAE QIESS.
The rat bites you but does no damage.
You barely miss the rat. The rat bites you.
You slash the rat!
You kill the rat!
No target in view!
No target in view!
No target in view!
HP restored.
A bat comes into view.
You see here a rat corpse.
A bat is nearby!
A bat is nearby!
The bat barely misses you.
You hit the bat.
You kill the bat!
No target in view!
No target in view!
No target in view!
No target in view!
No target in view!
No target in view!
m - a scroll labelled MIUGAE QIESS You now have 41 gold pieces (gained 3).
You now have 52 gold pieces (gained 11).
An adder comes into view.
The adder hisses angrily.
An adder is nearby!
You barely miss the adder. The adder bites you. The adder barely misses you.
You hit the adder.
The adder is heavily wounded.
The adder closely misses you. You furiously retaliate!
You headbutt the adder!
You kill the adder!
Your Fighting skill increases to level 4!
Your Armour skill increases to level 4!
No target in view!
No target in view!
No target in view!
No target in view!
A dart slug comes into view.
A goblin comes into view. It is wielding a +0 dagger.
There are monsters nearby!
There are monsters nearby!
The goblin shouts!
Found a faded altar of an unknown god.
The goblin hits you with a +0 dagger.
You barely miss the goblin. The goblin closely misses you.
You furiously retaliate!
You headbutt the goblin.
You kill the goblin!
You have reached level 3!
Your experience leads to an increase in your attributes!
Increase (s)trength, (i)ntelligence, or (d)exterity?
You feel agile. x2
You slash the dart slug!
You kill the dart slug!
No target in view!
Things that are here:
a +0 dagger; a goblin corpse No target in view!
There is a faded altar of an unknown god here.
You cannot tell which god this altar belongs to.
Convert to them anyway?
Nemelex Xobeh accepts your prayer! Nemelex Xobeh welcomes you!
You can now draw from decks of power.
Nemelex will now gift you decks of power as you gain piety.
A ball python comes into view.
Are you sure you want to abandon this character and quit the game? (Confirm with "yes".)
Okay, then.
Unknown command.
Unknown command.
Are you sure you want to abandon this character and quit the game? (Confirm with "yes".)

### ####.####
##########...#...#
............###..#
..########.#.#.#)######
#.# #..##.##......# #.#
#..#####_####.# #.#
#..# #@# #.# #........#
#.# #.###S#### #.# #. #
#.# #..


You could see a ball python (wandering).

Vanquished Creatures
  An adder (D:2)
  A dart slug (D:2)
  2 ball pythons (D:1)
  An endoplasm (D:1)
  A giant cockroach (D:1)
  2 goblins
  A hobgoblin (D:1)
  A quokka (D:1)
  4 bats
  A frilled lizard (D:1)
  2 kobolds (D:1)
  4 rats
21 creatures vanquished.

Notes
Turn   | Place    | Note
-------+----------+-------------------------------------------
     0 | D:1      | Flugkiller the Minotaur Fighter began the quest for the
                  | Orb.
     0 | D:1      | Reached XP level 1. HP: 19/19 MP: 0/0
   475 | D:1      | Reached XP level 2. HP: 27/27 MP: 1/1
  1162 | D:2      | Found a faded altar of an unknown god.
  1164 | D:2      | Reached XP level 3. HP: 32/33 MP: 2/2
  1168 | D:2      | Prayed at the altar of an unknown god.
  1168 | D:2      | Became a worshipper of Nemelex Xobeh the Trickster
  1168 | D:2      | Reached * piety under Nemelex Xobeh
  1170 | D:2      | Quit the game

Illustrated notes

Levels and vault maps discovered:
D:1:      noname_arrival_rooms_in_the_neighbourhood, layout_basic
D:2:      layout_loops_ring, basic_altar, basic_ecumenical_altar

Skill      XL: |  1  2 |
---------------+-------+-----
Axes           | 3 |  3.5
Fighting       | 4 |  4.0
Armour         | 4 |  4.0
Shields        | |  3.6

Action                   || total
-------------------------++-------
Melee: War axe           ||    47
       Headbutt          ||     1
Armor: Scale mail        ||    15
Dodge: Dodged            ||    19
Block: Buckler           ||    20
